 Dungeon Crawl Stone Soup version 0.30-a0-1043-g60ff8d5f49 (webtiles) character file.

Game seed: 7886290308348447824

2 Arcadio the Sneak (level 1, -5/14 HPs)
             Began as a Kobold Delver on Apr 9, 2023.
             Slain by Eustachio
             ... wielding a +0 rapier
              (8 damage)
             ... on level 5 of the Dungeon.
             The game lasted 00:00:40 (130 turns).

Arcadio the Sneak (Kobold Delver)                    Turns: 130, Time: 00:00:40

Health: -5/14      AC:  3    Str:  9    XL:     1   Next: 33%
Magic:  1/1        EV: 14    Int: 11    God:
Gold:   9          SH:  0    Dex: 16    Spells: 0/0 levels left

rFire   . . .      SeeInvis .    a - +0 short sword
rCold   . . .      Faith    .    (no shield)
rNeg    . . .      Spirit   .    b - +0 leather armour
rPois   .          Reflect  .    (no helmet)
rElec   .          Rampage  .    (no cloak)
rCorr   .                        (no gloves)
Will    .....                    (no boots)
Stlth   ++++                     (no amulet)
HPRegen 0.22/turn                (no ring)
MPRegen 0.07/turn                (no ring)

@: no status effects
A: small, no large weapons, nightstalker 3
a: no special abilities


You were on level 5 of the Dungeon.
You visited 1 branch of the dungeon, and saw 1 of its levels.

You collected 9 gold pieces.

Inventory:

Hand Weapons
 a - a +0 short sword (weapon)
Missiles
 i - 9 stones (quivered)
Armour
 b - a +0 leather armour (worn)
Wands
 g - a wand of digging (3)
Scrolls
 c - a scroll of fog
 d - a scroll of magic mapping
 e - a scroll of fear
 h - a scroll of identify {unknown}
Potions
 f - a potion of haste


   Skills:
 + Level 3.3 Fighting
 + Level 2.8 Short Blades
 + Level 2.5 Dodging
 - Level 6.6 Stealth


You couldn't memorise any spells.
You didn't know any spells.
Your spell library was empty.

Dungeon Overview and Level Annotations

Branches:
Dungeon (5/15) Zot: 5871   Temple (0/1) D:5

Altars:

Annotations:
D:5 Eustachio


Innate Abilities, Weirdness & Mutations

You are small and have problems with some larger weapons.
You are completely attuned to the shadows.


Message History

You see here 3 stones.
i - 3 stones
There is a broken door here.
Things that are here:
a +0 club; a +0 scale mail
i - 9 stones (gained 6)
There are no items here.
There is a broken door here.
Things that are here:
a +0 club; a +0 scale mail You now have 9 gold pieces.
You open the door.
Eustachio the Magnificent comes into view.
He is wielding a +0 rapier and wearing a +1 leather armour of willpower.
Found a staircase to the Ecumenical Temple.
There is an open door here.
The helpless Eustachio fails to defend himself.
You impale Eustachio!!
Eustachio is heavily wounded.
Eustachio closely misses you.
You barely miss Eustachio.
Eustachio is heavily wounded.
Eustachio casts a spell.
You hit Eustachio but do no damage. You punch Eustachio, but do no damage.
Eustachio is heavily wounded.
Eustachio hits you with a +0 rapier.
You hit Eustachio but do no damage.
Eustachio is heavily wounded.
The shadow imp hits you.
Eustachio drinks a potion.
Eustachio is healed!
You barely miss Eustachio. The crimson imp hits you.
The white imp gestures at you. The puff of frost misses you.
The shadow imp closely misses you. Eustachio hits you with a +0 rapier.
You hit Eustachio.
Eustachio is lightly wounded.
The crimson imp hits you. The shadow imp misses you.
You hit Eustachio but do no damage.
Eustachio is lightly wounded.
Eustachio hits you with a +0 rapier!
Ouch! That really hurt!
You die...

#..........#####.
#..........# #.
#..........# ##
##..........#
#...........#
###'###.......#
#.....#.#######
#.....#.#
#.5@..#.# +.@55.+
#.....# #.(...#
#.....#


You could see Eustachio, a crimson imp (summoned), a white imp (summoned) and a
shadow imp (summoned).

Vanquished Creatures
  An orc (D:5)
1 creature vanquished.

Notes
Turn   | Place    | Note
-------+----------+-------------------------------------------
     0 | D:5      | Arcadio the Kobold Delver began the quest for the Orb.
     0 | D:5      | Reached XP level 1. HP: 14/14 MP: 1/1
    10 | D:5      | Noticed an iguana
   120 | D:5      | Found a staircase to the Ecumenical Temple.
   120 | D:5      | Noticed Eustachio
   126 | D:5      | Noticed a crimson imp
   130 | D:5      | Slain by Eustachio

Illustrated notes

Levels and vault maps discovered:
D:5:      layout_basic, riverfiend_overflow_shadow_ancestor,
          mainiacjoe_overflow_surrounded_room, temple_green, uniq_eustachio

Action                     || total
---------------------------++-------
  Melee: Short sword       ||    19
         Punch             ||     1
   Stab: Sleeping          ||     1
 Armour: Leather armour    ||     1
  Dodge: Dodged            ||    10

Table legend: (Time is in decaauts)
 A = Elapsed time spent in this place.
 B = Non-inter-level travel time spent in this place.
 C = Inter-level travel time spent in this place.
 D = Time resting spent in this place.
 E = Time spent auto-exploring this place.
 F = Levels seen in this place.
 G = Mean time per level.
                   A        B        C        D        E       F      G
               +--------+--------+--------+--------+--------+-----+--------+
         Total |    127 |    127 |      0 |     31 |     10 |   1 |  127.0 |
       Dungeon |    127 |    127 |      0 |     31 |     10 |   1 |  127.0 |
               +--------+--------+--------+--------+--------+-----+--------+

Top non-repeatable levels by time:
     D:5: 127 daAuts
